 Dungeon Crawl Stone Soup version 0.31-a0-152-g6aa68a64a1 (webtiles) character file.

Game seed: 16418500371415612730

721 qw the Shooter (level 7, -9/64 HPs)
             Began as a Naga Hunter on June 10, 2023.
             Killed from afar by Dowan (11 damage)
             ... with a stone arrow
             ... on level 5 of the Dungeon.
             The game lasted 00:01:23 (3455 turns).

qw the Shooter (Naga Hunter)                        Turns: 3455, Time: 00:01:24

Health: -9/64      AC:  8    Str: 14    XL:     7   Next: 71%
Magic:  7/7        EV: 19    Int:  9    God:
Gold:   105        SH:  0    Dex: 16    Spells: 6/6 levels left

rFire   + + .        Y - melded +1 shortbow
rCold   + + .        (shield currently unavailable)
rNeg    + + +        c - melded +0 leather armour
rPois   inf          (helmet currently unavailable)
rElec   +            (cloak currently unavailable)
rCorr   +            d - melded +1 pair of gloves
SInv    +            (no barding)
Will    .....        (amulet currently unavailable)
Stlth   ++           n - melded +6 ring of strength
HPRegen 0.30/turn    e - melded +4 ring of protection
MPRegen 0.10/turn

%: no passive effects
@: short of breath, wisp-form, flying
A: insubstantial, flying, no casting, AC +2, tiny, see invisible, (deformed
body), (poison resistance), (slowness 2), spit poison 1, (naga tail 1)
a: Spit Poison


You were on level 5 of the Dungeon.
You were an insubstantial wisp.
You visited 1 branch of the dungeon, and saw 5 of its levels.

You collected 141 gold pieces.
You spent 36 gold pieces at shops.


Innate Abilities, Weirdness & Mutations

You are an insubstantial wisp.
Your tiny insubstantial body is highly resistant to most damage types.
You are flying.
Your equipment is entirely melded.
You are incapable of wielding weapons or throwing items.
You cannot cast spells.
((Your serpentine skin is tough. (AC +2)))
You have supernaturally acute eyesight. (SInv)
((Armour fits poorly on your strangely shaped body.))
((Your system is resistant to poisons. (rPois)))
((You cover ground very slowly.))
You can spit poison.
((You have a snake-like lower body.))


   Skills:
 - Level 4.0 Fighting
 + Level 7.6 Ranged Weapons
 - Level 2.0 Dodging
 - Level 1.5 Stealth


You had 6 spell levels left.
You didn't know any spells.
Your spell library was empty.

Inventory:

Hand Weapons
 Y - a +1 shortbow (melded)
Armour
 c - a +0 leather armour (melded)
 d - a +1 pair of gloves (melded)
Jewellery
 e - a +4 ring of protection (melded)
 l - a ring of ice
 n - a +6 ring of strength (melded)
Scrolls
 m - a scroll of identify
Potions
 a - a potion of lignification {unknown}
 h - a potion of might

Dungeon Overview and Level Annotations

Branches:
Dungeon (5/15)
 Temple: D:4-7

Altars:
Wu Jian

Shops:
D:2 **

Annotations:
D:5 Dowan, Eustachio


Message History

Press: ? - help, Shift-Dir - straight line, f/p - Duvessa The splash of poison hits Duvessa!
Duvessa is poisoned.
You kill Duvessa!
Dowan screams, "No!
Oh no!"
Dowan seems to find hidden reserves of power!
Dowan hits you with a +0 dagger.
Eustachio mumbles some strange words.
Eustachio blinks!
The shadow imp hits you but does no damage. x2
Dowan hits you with a +0 dagger.
You shoot an arrow. The arrow barely misses Dowan.
The shadow imp barely misses you. Dowan closely misses you.
The white imp closely misses you. The shadow imp barely misses you.
You shoot an arrow. The arrow closely misses Dowan.
The shadow imp disappears in a puff of smoke!
Dowan zaps a wand.
You turn into an insubstantial wisp.
Your +1 shortbow melds into your body.
Your +1 pair of gloves melds into your body.
Your +0 leather armour melds into your body.
Your +6 ring of strength melds into your body.
Your +4 ring of protection melds into your body.
You feel weaker.
The white imp hits you but does no damage.
The shadow imp barely misses you. Dowan completely misses you.
You touch Dowan.
Dowan is lightly wounded.
Eustachio twirls his moustache.
The white imp closely misses you.
Dowan mumbles some strange words.
Dowan blinks!
The shadow imp shouts, "Decamp, thou unmuzzled tickle-brained nert!"
The shadow imp hits you.
You touch the shadow imp but do no damage.
Dowan casts a spell at you. The shard of ice hits you. You partially resist.
The white imp misses you. The shadow imp misses you.
You barely miss the shadow imp.
Dowan points at you and mumbles some strange words.
The stone arrow hits you!
You die...

......?...........#
.................##+
.................. #
#..# #...# #....# .#
#..###...###....# ..#
#...#...........# ...#
#...#.......e...#....#
#)..'.......).5.'$...#
#<..#.......@5v)#....#
#####..######.<.#
ยค.5# ####..##.###+###
..# #............ .#
#............ #
#............
#............
#.....####### ##....#


You could see Eustachio, Dowan (fast), a white imp (summoned) and a shadow imp
(summoned).

Vanquished Creatures
  Duvessa (D:5)
  A water moccasin (D:4)
  A black bear (D:4)
  2 scorpions
  A hound (D:3)
  2 orc priests (D:4)
  An iguana (D:4)
  8 adders
  An ufetubus (D:4)
  6 worms
  7 dart slugs
  7 orcs
  3 bats
  7 endoplasms
  3 giant cockroaches (D:3)
  2 goblins (D:4)
  6 hobgoblins
  10 kobolds
  2 quokkas
  12 ball pythons
  2 frilled lizards
  3 rats
88 creatures vanquished.

Notes
Turn   | Place    | Note
-------+----------+-------------------------------------------
     0 | D:1      | qw the Naga Hunter began the quest for the Orb.
     0 | D:1      | Reached XP level 1. HP: 19/19 MP: 1/1
     0 | D:1      | 0 ||| qw: Version: 0.2-a-29-g0080da8
     0 | D:1      | 0 ||| qw: Game counter: 3836
     0 | D:1      | 0 ||| qw: Always use a shield: true
     0 | D:1      | 0 ||| qw: God list: Okawaru
     0 | D:1      | 0 ||| qw: Allow faded altars: false
     0 | D:1      | 0 ||| qw: Do Orc after D:15 true
     0 | D:1      | 0 ||| qw: Do second Lair branch before Depths: true
     0 | D:1      | 0 ||| qw: Lair rune preference: random
     0 | D:1      | 0 ||| qw: Plans: Normal
     0 | D:1      | 0 ||| PLANNING D:1-11
   163 | D:1      | 163 ||| INVOKING Spit Poison.
   164 | D:1      | 164 ||| INVOKING Spit Poison.
   167 | D:1      | 167 ||| INVOKING Spit Poison.
   354 | D:1      | Reached skill level 4 in Ranged Weapons
   354 | D:1      | Reached XP level 2. HP: 26/26 MP: 2/2
   355 | D:1      | 355 ||| INVOKING Spit Poison.
   358 | D:1      | 358 ||| INVOKING Spit Poison.
   382 | D:1      | 382 ||| INVOKING Spit Poison.
   428 | D:1      | 428 ||| INVOKING Spit Poison.
   554 | D:1      | 554 ||| INVOKING Spit Poison.
   559 | D:1      | 559 ||| INVOKING Spit Poison.
   560 | D:1      | 560 ||| INVOKING Spit Poison.
   561 | D:1      | 561 ||| INVOKING Spit Poison.
   620 | D:1      | 620 ||| INVOKING Spit Poison.
   922 | D:1      | 922 ||| INVOKING Spit Poison.
  1020 | D:1      | 1020 ||| UPGRADING to +0 pair of gloves.
  1025 | D:1      | 1025 ||| DROPPING scarf of shadows.
  1026 | D:1      | 1026 ||| READING scroll labelled OZIXTA JOEGEFEKH.
  1027 | D:1      | 1027 ||| READING scroll labelled VOYC WAMMOISA.
  1028 | D:1      | 1028 ||| READING 2 scrolls labelled YZEQITH DACSEK.
  1029 | D:1      | 1029 ||| READING scroll labelled TIDDIATSILA.
  1030 | D:1      | 1030 ||| READING 2 scrolls labelled QAHOUB ACOTHRE.
  1031 | D:1      | 1031 ||| READING scroll labelled QAAN BO TUTE.
  1032 | D:1      | 1032 ||| DROPPING scroll of butterflies.
  1033 | D:1      | 1033 ||| DROPPING scroll of fog.
  1034 | D:1      | 1034 ||| DROPPING scroll of fear.
  1073 | D:2      | 1073 ||| INVOKING Spit Poison.
  1080 | D:2      | 1080 ||| INVOKING Spit Poison.
  1086 | D:2      | 1086 ||| INVOKING Spit Poison.
  1087 | D:2      | Reached XP level 3. HP: 32/32 MP: 3/3
  1095 | D:2      | 1095 ||| INVOKING Spit Poison.
  1108 | D:2      | 1108 ||| INVOKING Spit Poison.
  1152 | D:2      | 1152 ||| INVOKING Spit Poison.
  1153 | D:2      | 1153 ||| Stepping ~*~*~tactically~*~*~ (outnumbered).
  1157 | D:2      | 1157 ||| INVOKING Spit Poison.
  1194 | D:2      | 1194 ||| INVOKING Spit Poison.
  1240 | D:2      | Found Hibocoki's General Store.
  1244 | D:2      | 1244 ||| SHOPLISTING +0 helmet (49 gold, have 20).
  1244 | D:2      | 1244 ||| SHOPLISTING ring of fire (275 gold, have 20).
  1244 | D:2      | 1244 ||| SHOPLISTING scroll of enchant weapon (82 gold,
                  | have 20).
  1248 | D:2      | 1248 ||| INVOKING Spit Poison.
  1255 | D:2      | 1255 ||| INVOKING Spit Poison.
  1268 | D:2      | 1268 ||| INVOKING Spit Poison.
  1271 | D:2      | 1271 ||| INVOKING Spit Poison.
  1284 | D:2      | Found Gast's Assorted Antiques.
  1285 | D:2      | 1285 ||| INVOKING Spit Poison.
  1294 | D:2      | 1294 ||| SHOPLISTING 3 scrolls labelled NEVARI ISATUSE (57
                  | gold, have 41).
  1294 | D:2      | 1294 ||| SHOPLISTING glowing helmet (142 gold, have 41).
  1294 | D:2      | 1294 ||| BUYING purple potion (17 gold).
  1294 | D:2      | Bought a purple potion for 17 gold pieces
  1294 | D:2      | 1294 ||| BUYING scroll labelled TOSITWOSMO (19 gold).
  1294 | D:2      | Bought a scroll labelled TOSITWOSMO for 19 gold pieces
  1294 | D:2      | 1294 ||| SHOPLISTING scroll of identify (38 gold, have 5).
  1353 | D:2      | 1353 ||| INVOKING Spit Poison.
  1375 | D:2      | 1375 ||| INVOKING Spit Poison.
  1403 | D:2      | 1403 ||| INVOKING Spit Poison.
  1404 | D:2      | 1404 ||| Stepping ~*~*~tactically~*~*~ (outnumbered).
  1407 | D:2      | 1407 ||| INVOKING Spit Poison.
  1410 | D:2      | 1410 ||| INVOKING Spit Poison.
  1414 | D:2      | Reached skill level 5 in Ranged Weapons
  1414 | D:2      | Reached XP level 4. HP: 35/39 MP: 4/4
  1433 | D:2      | 1433 ||| INVOKING Spit Poison.
  1447 | D:2      | 1447 ||| INVOKING Spit Poison.
  1454 | D:2      | 1454 ||| INVOKING Spit Poison.
  1718 | D:2      | 1718 ||| DROPPING ring of wizardry.
  1719 | D:2      | 1719 ||| UPGRADING to +6 ring of strength.
  1720 | D:2      | 1720 ||| READING 4 scrolls labelled QAEMICLUINI.
  1721 | D:2      | 1721 ||| READING scroll labelled TOSITWOSMO.
  1722 | D:2      | 1722 ||| READING 2 scrolls labelled EZEUFE ECYI.
  1723 | D:2      | 1723 ||| READING scroll of enchant armour.
  1723 | D:2      | 1723 ||| ENCHANTING +0 pair of gloves.
  1724 | D:2      | 1724 ||| READING scroll labelled HACWUI TYAROEWAGU.
  1725 | D:2      | 1725 ||| READING scroll labelled NEVARI ISATUSE.
  1796 | D:2      | 1796 ||| DRINKING 2 coppery potions.
  1797 | D:2      | 1797 ||| READING 2 scrolls of identify.
  1797 | D:2      | 1797 ||| IDENTIFYING purple potion
  1798 | D:2      | 1798 ||| DROPPING 3 scrolls of vulnerability.
  1836 | D:3      | 1836 ||| INVOKING Spit Poison.
  1839 | D:3      | 1839 ||| INVOKING Spit Poison.
  1843 | D:3      | 1843 ||| INVOKING Spit Poison.
  1847 | D:3      | Reached skill level 3 in Fighting
  1904 | D:3      | 1904 ||| INVOKING Spit Poison.
  1907 | D:3      | 1907 ||| INVOKING Spit Poison.
  1913 | D:3      | 1913 ||| INVOKING Spit Poison.
  1964 | D:3      | Found an ornate altar of the Wu Jian Council.
  1975 | D:3      | 1975 ||| INVOKING Spit Poison.
  2023 | D:3      | 2023 ||| INVOKING Spit Poison.
  2036 | D:3      | 2036 ||| INVOKING Spit Poison.
  2041 | D:3      | 2041 ||| INVOKING Spit Poison.
  2091 | D:3      | 2091 ||| INVOKING Spit Poison.
  2102 | D:3      | 2102 ||| INVOKING Spit Poison.
  2106 | D:3      | 2106 ||| INVOKING Spit Poison.
  2107 | D:3      | Reached XP level 5. HP: 49/49 MP: 5/5
  2137 | D:3      | 2137 ||| INVOKING Spit Poison.
  2279 | D:3      | 2279 ||| INVOKING Spit Poison.
  2282 | D:3      | 2282 ||| INVOKING Spit Poison.
  2289 | D:3      | 2289 ||| INVOKING Spit Poison.
  2293 | D:3      | 2293 ||| INVOKING Spit Poison.
  2298 | D:3      | You fall into a shaft and drop 1 floor!
  2304 | D:4      | Noticed a black bear
  2307 | D:4      | 2307 ||| INVOKING Spit Poison.
  2313 | D:4      | 2313 ||| INVOKING Spit Poison.
  2314 | D:4      | Killed a black bear
  2315 | D:4      | Reached skill level 6 in Ranged Weapons
  2315 | D:4      | Reached XP level 6. HP: 47/56 MP: 6/6
  2354 | D:4      | 2354 ||| UPGRADING to +4 ring of protection.
  2355 | D:4      | 2355 ||| READING scroll labelled VURYBILOSU.
  2363 | D:4      | 2363 ||| INVOKING Spit Poison.
  2376 | D:4      | 2376 ||| STAIRDANCE
  2462 | D:3      | 2462 ||| INVOKING Spit Poison.
  2492 | D:3      | 2492 ||| INVOKING Spit Poison.
  2650 | D:3      | 2650 ||| INVOKING Spit Poison.
  2658 | D:3      | 2658 ||| INVOKING Spit Poison.
  2697 | D:3      | 2697 ||| INVOKING Spit Poison.
  2722 | D:4      | 2722 ||| INVOKING Spit Poison.
  2723 | D:4      | 2723 ||| Stepping ~*~*~tactically~*~*~ (outnumbered).
  2725 | D:4      | 2725 ||| Stepping ~*~*~tactically~*~*~ (outnumbered).
  2726 | D:4      | 2726 ||| INVOKING Spit Poison.
  2729 | D:4      | 2729 ||| INVOKING Spit Poison.
  2812 | D:4      | 2812 ||| INVOKING Spit Poison.
  2830 | D:4      | 2830 ||| INVOKING Spit Poison.
  2863 | D:4      | 2863 ||| INVOKING Spit Poison.
  2901 | D:4      | 2901 ||| INVOKING Spit Poison.
  2917 | D:4      | 2917 ||| INVOKING Spit Poison.
  2966 | D:4      | 2966 ||| INVOKING Spit Poison.
  2969 | D:4      | 2969 ||| INVOKING Spit Poison.
  2971 | D:4      | Reached XP level 7. HP: 64/64 MP: 7/7
  2981 | D:4      | 2981 ||| Stepping ~*~*~tactically~*~*~ (outnumbered).
  2983 | D:4      | 2983 ||| INVOKING Spit Poison.
  3027 | D:4      | 3027 ||| INVOKING Spit Poison.
  3077 | D:4      | 3077 ||| INVOKING Spit Poison.
  3242 | D:4      | 3242 ||| READING scroll labelled KONWEF QEKU.
  3247 | D:4      | 3247 ||| READING 2 scrolls of identify.
  3247 | D:4      | 3247 ||| IDENTIFYING sedimented inky potion
  3248 | D:4      | 3248 ||| DROPPING potion of brilliance.
  3252 | D:5      | Entered Level 5 of the Dungeon
  3253 | D:5      | 3253 ||| PLANNING SEWER
  3253 | D:5      | 3253 ||| INVOKING Spit Poison.
  3266 | D:5      | 3266 ||| STAIRDANCE
  3270 | D:4      | Reached skill level 7 in Ranged Weapons
  3407 | D:5      | 3407 ||| INVOKING Spit Poison.
  3428 | D:5      | Noticed Eustachio
  3428 | D:5      | Noticed Duvessa
  3428 | D:5      | Noticed Dowan
  3429 | D:5      | 3429 ||| INVOKING Spit Poison.
  3436 | D:5      | 3436 ||| Stepping ~*~*~tactically~*~*~ (outnumbered).
  3437 | D:5      | 3437 ||| INVOKING Spit Poison.
  3440 | D:5      | 3440 ||| INVOKING Spit Poison.
  3446 | D:5      | 3446 ||| INVOKING Spit Poison.
  3446 | D:5      | HP: 10/64 [Duvessa/+0 short sword (7)]
  3447 | D:5      | 3447 ||| DRINKING potion of heal wounds.
  3450 | D:5      | 3450 ||| INVOKING Spit Poison.
  3450 | D:5      | Killed Duvessa
  3453 | D:5      | HP: 7/64 [shadow imp[Eustachio] (1)]
  3454 | D:5      | HP: 2/64 [Dowan/shard of ice (6)]
  3455 | D:5      | Killed from afar by Dowan

Levels and vault maps discovered:
D:1:      dpeg_arrival_signposts, layout_basic, nicolae_figureground_pulse
D:2:      layout_loops_ring, serial_shops, nicolae_shop_rolling_square, shop
D:3:      layout_basic, nzn_wu_jian_contemplation, minmay_crystal_water,
          minmay_misc_feat_tower, minmay_shallow_snake_nest
D:4:      layout_gridville, feat_on_display
D:5:      layout_gridville, cheibrodos_sewer_entry_bend, uniq_eustachio,
          uniq_duvessa

Skill      XL: |  1  2  3  4  5  6  7 |
---------------+----------------------+-----
Ranged Weapons | 4 5 6 7 |  7.6
Fighting       | 3 4 |  4.0
Dodging        | 2 |  2.0
Stealth        | |  1.5

Action                     |  1- 3 |  4- 6 |  7- 9 || total
---------------------------+-------+-------+-------++-------
  Melee: Unarmed           |       |       |     3 ||     3
   Fire: Shortbow          |    56 |   112 |    45 ||   213
Ability: Spit Poison       |    28 |    39 |    10 ||    77
    Use: Scroll            |     6 |     8 |     2 ||    16
         Potion            |       |     1 |     1 ||     2
 Armour: Leather armour    |     4 |    33 |    26 ||    63
         Skin              |       |       |     1 ||     1
  Dodge: Dodged            |    11 |    33 |    36 ||    80

Table legend:
 A = Non-vault XP
 B = Vault XP
 C = Vault XP percentage of total XP
 D = Non-vault monster count
 E = Vault monster count
 F = Vault count percentage of total count
                 A         B        C        D         E       F
            +---------+---------+-------+---------+---------+-------
      Total |     855 |     176 |  17.1 |      79 |       9 |  10.2
            +---------+---------+-------+---------+---------+-------
        D:1 |      27 |       0 |   0.0 |      13 |       0 |   0.0
        D:2 |      80 |       0 |   0.0 |      25 |       0 |   0.0
        D:3 |     107 |      23 |  17.7 |      16 |       8 |  33.3
        D:4 |     555 |       0 |   0.0 |      23 |       0 |   0.0
        D:5 |      86 |     153 |  64.0 |       2 |       1 |  33.3
            +---------+---------+-------+---------+---------+-------
